 Dungeon Crawl Stone Soup version 0.23-a0-350-g6fd5563 (webtiles) character file.

102 Cryolive the Firebug (level 4, -5/34 HPs)
             Began as a Hill Orc Fire Elementalist on Oct 20, 2018.
             Slain by an orc priest
             ... wielding a +0 hand axe of electrocution
              (14 damage)
             ... on level 3 of the Dungeon.
             The game lasted 00:12:18 (1976 turns).

Cryolive the Firebug (Hill Orc Fire Elementalist)   Turns: 1976, Time: 00:12:20

Health: -5/34      AC:  3    Str: 10    XL:     4   Next: 77%
Magic:  5/6        EV:  9    Int: 16    God:
Gold:   134        SH:  8    Dex: 11    Spells: 5/6 levels left

rFire    . . .     SeeInvis .   b - +0 short sword
rCold    . . .     Gourm    .   j - +2 shield
rNeg     . . .     Faith    +   a - +0 robe
rPois    .         Spirit   .   (no helmet)
rElec    .         Reflect  .   s - +0 cloak
rCorr    .         Harm     .   (no gloves)
MR       .....                  (no boots)
Stlth    ++........             p - amulet of faith
HPRegen  0.11/turn              (no ring)
MPRegen  0.10/turn              (no ring)

@: no status effects
A: no striking features
a: Convert to Beogh


You were on level 3 of the Dungeon.
You were not hungry.

You visited 1 branch of the dungeon, and saw 3 of its levels.

You collected 134 gold pieces.

Inventory:

Hand Weapons
 b - a +0 short sword (weapon)
Missiles
 d - 32 stones (quivered)
Armour
 a - a +0 robe (worn)
 j - a +2 shield (worn)
 s - a +0 cloak (worn)
Jewellery
 p - an amulet of faith (around neck)
Scrolls
 c - a scroll of magic mapping {unknown}
 e - 2 scrolls of teleportation {unknown}
 f - 3 scrolls of remove curse
 k - a scroll of noise {unknown}
 l - a scroll of fear {unknown}
 m - a scroll of identify {unknown}
 o - 2 scrolls of immolation {unknown}
Potions
 g - 2 potions of brilliance {unknown}
 h - 3 potions of curing {unknown}
 i - 2 potions of heal wounds {unknown}
 n - a potion of resistance {unknown}
 r - a potion of flight {unknown}
 t - a potion of cancellation {unknown}
Comestibles
 q - a ration


   Skills:
 + Level 0.8 Fighting
 + Level 1.2 Short Blades
 + Level 2.3 Dodging
 + Level 2.0 Stealth
 + Level 1.8 Spellcasting
 + Level 1.2 Conjurations
 + Level 4.4 Fire Magic


You had 5 spell levels left.
You knew the following spells:

 Your Spells              Type           Power        Failure   Level  Hunger
a - Flame Tongue          Conj/Fire      ##...        43%         1    ##.....

Your spell library contained the following spells:

 Spells                   Type           Power        Failure   Level  Hunger
 Throw Flame              Conj/Fire      ##....       56%         2    ###....
 Conjure Flame            Conj/Fire      ##......     80%         3    ####...
 Inner Flame              Hex/Fire       #.......     87%         3    ####...
 Sticky Flame             Conj/Fire      ##......     99%         4    #####..
 Fireball                 Conj/Fire      ##........   100%        5    ######.


Dungeon Overview and Level Annotations

Branches:
Dungeon (3/15)

Altars:
Sif Muna


Message History

The orc is lightly wounded.
The orc hits you but does no damage. x3
You hit the orc.
The orc is severely wounded.
You block the orc's attack. x2
You hit the orc.
You kill the orc!
The orc completely misses you.
You hit the orc priest.
The orc priest is lightly wounded.
The orc closely misses you.
The orc priest hits you with a +0 hand axe of electrocution.
The orc priest shouts, "Beogh is our master!
Accept the truth or die!"
You hit the orc priest.
The orc priest is moderately wounded.
You block the orc's attack.
The orc priest hits you with a +0 hand axe of electrocution.
* * * LOW HITPOINT WARNING * * *
You are electrocuted!
You die...

#.......#.#
#.......#o#
#.......#.#
.........#.# ##.#
....<......#.##.#
.#.........#.##.#
#.%.........##.#
#...#..##.####.#
.o..#....†.o@#.#
#.###.#o##.# #.
#.#.##.#
#.#.<..#####
#.#.#......#
..#......#.#
##.....#.#
#.......#
#.......#


You could see an orc priest and an orc.

Vanquished Creatures
  3 adders
  2 worms (D:2)
  3 dart slugs
  2 leopard geckos (D:1)
  An orc (D:3)
  4 bats
  4 giant cockroaches
  4 goblins (D:2)
  7 hobgoblins
  7 jackals (D:2)
  A quokka (D:2)
  3 frilled lizards
  7 kobolds
  6 rats
54 creatures vanquished.

Notes
Turn   | Place    | Note
-------+----------+-------------------------------------------
     0 | D:1      | Cryolive the Hill Orc Fire Elementalist began the quest for
                  | the Orb.
     0 | D:1      | Reached XP level 1. HP: 14/14 MP: 3/3
   174 | D:1      | Reached XP level 2. HP: 4/20 MP: 1/4
   511 | D:1      | Reached XP level 3. HP: 18/26 MP: 0/5
  1027 | D:2      | Reached skill level 4 in Fire Magic
  1300 | D:2      | Reached XP level 4. HP: 20/34 MP: 1/6
  1723 | D:2      | Reached skill level 1 in Short Blades
  1782 | D:2      | Found a deep blue altar of Sif Muna.
  1976 | D:3      | Slain by an orc priest

Vault maps used:
D:1:      kennysheep_arrival_forest
D:2:      overflow_temple_1_default, hangedman_decor_slide_cut,
          minmay_tromino_i4
D:3:      old_standard_altar, kiku_gazebo_pond_becter, first_ration,
          chequers_ecumenical_altar_grove, uniq_natasha

Skill      XL: |  1  2  3  4 |
---------------+-------------+-----
Dodging        | 2 |  2.3
Fire Magic     | 4 |  4.4
Short Blades   | 1 |  1.2
Stealth        | 2 |  2.0
Fighting       | |  0.8
Spellcasting   | |  1.8
Conjurations   | |  1.2

Action                   |  1- 3 |  4- 6 || total
-------------------------+-------+-------++-------
Melee: Unarmed           |    15 |       ||    15
       Short sword       |    51 |    68 ||   119
Throw: Stone             |    10 |       ||    10
 Cast: Flame Tongue      |    48 |    24 ||    72
  Use: Scroll            |       |     1 ||     1
  Eat: Ration            |     1 |     1 ||     2
Armor: Robe              |    25 |    24 ||    49
Dodge: Dodged            |    86 |    48 ||   134
Block: Shield            |       |    23 ||    23

Table legend:
 A = Non-vault XP
 B = Vault XP
 C = Vault XP percentage of total XP
 D = Non-vault monster count
 E = Vault monster count
 F = Vault count percentage of total count
                 A         B        C        D         E       F
            +---------+---------+-------+---------+---------+-------
      Total |     138 |       8 |   5.5 |      51 |       3 |   5.6
            +---------+---------+-------+---------+---------+-------
        D:1 |      43 |       0 |   0.0 |      22 |       0 |   0.0
        D:2 |      77 |       8 |   9.4 |      26 |       3 |  10.3
        D:3 |      18 |       0 |   0.0 |       3 |       0 |   0.0
            +---------+---------+-------+---------+---------+-------
